Workbook
Name commercialmodel: 'List and tickboxes'!$C$36:$C$42
Name Currency: 'List and tickboxes'!$A$1:$A$164
Name Payment: 'List and tickboxes'!$C$26:$C$29
Name services: 'List and tickboxes'!$C$5:$C$7
Name Smartphone: 'List and tickboxes'!$C$31:$C$34
Name Type: 'List and tickboxes'!$C$11:$C$15
Name VA: '[1]Mobile Insurance'!$L$47:$L$49
Name VAS: 'List and tickboxes'!$C$19:$C$20
Name YesBut: 'List and tickboxes'!$C$5:$C$7
Name YN: 'List and tickboxes'!$C$1:$C$2
Name YNU: 'List and tickboxes'!$C$44:$C$46

Sheet Mobile Insurance
Q1: Yes | S1: AED - United Arab Emirates Dirham
B2: Insurance enabled by Mobile Money 2017 Global Adoption Survey | Q2: No | S2: AFN - Afghanistan Afghani
S3: ALL - Albania Lek
S4: AMD - Armenia Dram
Q5: Yes | S5: ANG - Netherlands Antilles Guilder
Q6: No, but I am planning to launch it within the next year | S6: AOA - Angola Kwanza
B7: In this questionnaire, participants are asked to report data for 4 months of the year: September 2016, December 2016, March 2017 and June 2017. Please provide numbers for each of these months, not for the full quarter. | Q7: No, and I am not planning to launch it within the next year | S7: ARS - Argentina Peso
S8: AUD - Australia Dollar
B9: MOBILE INSURANCE | S9: AWG - Aruba Guilder
S10: AZN - Azerbaijan New Manat
B11: Insurance enabled by mobile money uses the mobile money account offer micro-insurance services. Insurance services who meet the following criteria are eligible to participate in the survey: • The service must allow customers to manage risks by providing a guarantee of compensation for specified loss, damage, illness or death. • To use the service the customer must have a mobile money account. • The customers should be able to pay the premium using the mobile account, and receive the claim using the mobile account (unless the beneficiary mobile money account has exceeded the limit, or the beneficiary does not have a mobile money account). • The insurance product should be technically integrated with the mobile money account, and rely heavily on mobile technology throughout the customer journey. • Services where the mobile phone is just another channel for the clients of an insurance company to access a traditional insurance products should not be included. • The service must offer customers an interface for managing the insurance product for customers that is available on mobile devices (SMS, USSD, call centre, smartphone app) Disclaimer: Many mobile insurance services rely on airtime deduction to pay for premiums. Although airtime-based services are not enabled by mobile money, airtime-based insurance is unique as it has proven to be a stepping stone for mobile money-based insurance products. Therefore, we will continue to track airtime-based insurance services despite these services being outside our current scope. If your service is airtime-based - please fill in the questionnaire | Q11: Life / funeral insurance | S11: BAM - Bosnia and Herzegovina Convertible Marka
Q12: Health / hospital insurance | S12: BBD - Barbados Dollar
B13: If you offer multiple types of insurance, please complete one questionnaire per type/product | Q13: Accident / disability insurance | S13: BDT - Bangladesh Taka
Q14: Agriculture / crop / weather index insurance | S14: BGN - Bulgaria Lev
Q15: Combination products (e.g., Life and hospital insurance) | S15: BHD - Bahrain Dinar
B16: Do you offer mobile insurance? | O16: =D16 -> 0 | Q16: Other | S16: BIF - Burundi Franc
O17: =D17 -> 0 | S17: BMD - Bermuda Dollar
B18: General information | O18: =D18 -> 0 | Q18: under VAS or is it within Mobile financial service business unit? | S18: BND - Brunei Darussalam Dollar
O19: =D19 -> 0 | Q19: Value added services | S19: BOB - Bolivia Boliviano
B20: Country | O20: =D20 -> 0 | Q20: Mobile financial services business unit | S20: BRL - Brazil Real
B21: Name of your organisation | O21: =D21 -> 0 | S21: BSD - Bahamas Dollar
B22: Name of your mobile insurance product | O22: =D22 -> 0 | Q22: Premiums can be paid using mobile money | S22: BTN - Bhutan Ngultrum
B23: Currency values reported in (please select from list) | O23: =D23 -> 0 | Q23: Premiums are deducted from prepaid airtime accounts | S23: BWP - Botswana Pula
O24: =D24 -> 0 | S24: BYR - Belarus Ruble
B25: Product information | O25: =D25 -> 0 | S25: BZD - Belize Dollar
O26: =D26 -> 0 | Q26: Mobile Money | S26: CAD - Canada Dollar
B27: Date of launch (dd/mm/yyyy) | O27: =D27 -> 0 | Q27: Airtime deduction | S27: CDF - Congo/Kinshasa Franc
B29: What type of insurance are you providing? (please select yes/no against insurance type)
B30: Life / funeral
B31: Health / hospital
B32: Accident / disability
B33: Agricultural / crop / weather index
B34: Other (please specify) | O34: =B34 -> Other (please specify) | Q34: The product is only provided for free | S34: CLP - Chile Peso | T34: Technical capabilities
B36: Which mobile network operator have you partnered with to offer mobile insurance? | O36: =D36 -> 0 | S36: CNY - China Yuan Renminbi | T36: Special knowledge of customer segment
B37: Why did you choose to partner with this mobile phone network? | O37: =D37 -> 0 | Q37: Yes, there is a smartphone app | S37: COP - Colombia Peso | T37: Innovative and new company
B38: Which company is your technical service provider / underwriter?
B39: Why did you choose to partner with this company
O40: =D40 -> 0 | P40: =COUNTIF(Data!K4:R4, TRUE) -> 0 | Q40: No, but we are planning to launch a smartphone app the next 12 months | S40: CUC - Cuba Convertible Peso | T40: Distribution
B41: What are the primary drivers behind your choice to offer mobile insurance? | O41: =D41 -> 0 | Q41: No, we are not planning to launch a smartphone app | S41: CUP - Cuba Peso | T41: Access to a new target segment
B42: What are the target customer segment(s) for your insurance product? | O42: =D42 -> 0 | Q42: Free insurance tied to customers usage of the mobile money account | S42: CZK - Czech Republic Koruna
O43: =D43 -> 0 | Q43: Undecided | R43: Free insurance tied to customers usage of the mobile money account | S43: FKP - Falkland Islands (Malvinas) Pound
B44: What commercial model does this product have? | O44: =D44 -> 0 | R44: Free insurance tied to the customers mobile usage/top up | S44: GBP - United Kingdom Pound
B45: Free / Loyalty
B46: Freemium
B47: Premium
B48: If other, please specify: | O48: =D48 -> 0 | R48: Mobile Money "freemium" product | S48: GEL - Georgia Lari
O49: =D49 -> 0 | R49: Premium product | S49: GHS - Ghana Cedi
O50: =D50 -> 0 | S50: GTQ - Guatemala Quetzal
D51: 42614 | G51: 42705 | J51: 42795 | M51: 42887 | O51: =D51 -> 42614 | S51: GYD - Guyana Dollar
B52: Number of policies issued (cumulative total) | O52: =D52 -> 0 | S52: HKD - Hong Kong Dollar
B53: Number of policies in force (active) | O53: =D53 -> 0 | S53: HNL - Honduras Lempira
B54: - Of which are premium (paid) policies
B55: Number of beneficiaries | O55: =D55 -> 0 | S55: HRK - Croatia Kuna
B56: Number of insurance policies paid via mobile money (cumulative)
B57: Number claim payments disbursed via mobile money (cumulative)
O58: =D58 -> 0 | S58: HUF - Hungary Forint
D59: 42614 | G59: 42705 | J59: 42795 | M59: 42887 | O59: =D59 -> 42614 | S59: IDR - Indonesia Rupiah
B60: Value of premiums collected during the month | O60: =D60 -> 0 | S60: ILS - Israel Shekel
B61: Volume / number of claims paid out during the month
B62: Value of claims paid out during the month
O64: =D65 -> 0 | S64: IMP - Isle of Man Pound
B65: When a customer makes a claim, on average, how many working days pass between submitting the correct documentation and paying a claim? | O65: =D66 -> 0 | S65: INR - India Rupee
O66: =D67 -> 0 | S66: IQD - Iraq Dinar
B67: Does your service offer a smartphone app for customers to manage their policies? | O67: =D68 -> 0 | S67: IRR - Iran Rial
O68: =D69 -> 0 | S68: ISK - Iceland Krona
B69: Are you planning to expand your insurance products offering in the next year? | S69: JEP - Jersey Pound
S70: JMD - Jamaica Dollar
S71: JOD - Jordan Dinar
S72: JPY - Japan Yen
S73: KES - Kenya Shilling
S74: KGS - Kyrgyzstan Som
S75: KHR - Cambodia Riel
D76: Customers can subscribe using their mobile | G76: Customers can register at a mobile money agent | J76: Customers can only register at the insurer's agency | M76: Other - Please specify | S76: KMF - Comoros Franc
S77: KPW - Korea (North) Won
S78: KRW - Korea (South) Won
D79: No | G79: Yes, for all customers | J79: Yes, but only for customers who have a certain level of GSM usage | M79: Yes, but only for customers who have a certain level of mobile money activity | S79: KWD - Kuwait Dinar
S80: KYD - Cayman Islands Dollar
S81: KZT - Kazakhstan Tenge
S82: LAK - Laos Kip
S83: LBP - Lebanon Pound
S84: LKR - Sri Lanka Rupee
S85: LRD - Liberia Dollar
S86: LSL - Lesotho Loti
S87: LTL - Lithuania Litas
S88: LVL - Latvia Lat
S89: LYD - Libya Dinar
S90: MAD - Morocco Dirham
S91: MDL - Moldova Leu
B92: Number of full-time employees (including partner organisations) in June | S92: MGA - Madagascar Ariary
S93: MKD - Macedonia Denar
B94: Yes | S94: MMK - Myanmar (Burma) Kyat
B95: No | S95: MNT - Mongolia Tughrik
S96: MOP - Macau Pataca
B97: Free / loyalty | S97: MRO - Mauritania Ouguiya
B98: Freemium | S98: MUR - Mauritius Rupee
B99: Premium | S99: MVR - Maldives (Maldive Islands) Rufiyaa
S100: MWK - Malawi Kwacha
B101: Mobile Money | S101: MYR - Malaysia Ringgit
B102: Airtime deduction | S102: MZN - Mozambique Metical
B103: Both Airtime deduction and Mobile Money | S103: NAD - Namibia Dollar
...

Sheet Data
K2: What are the primary drivers behind your choice to offer mobile insurance? | T2: What are the target customer segment(s) for your insurance product? | AD2: Number of policies issued (cumulative total) | AH2: Number of policies in force (active) | AL2: Number of beneficiaries | AP2: What % of subscribers are paying for insurance? | AT2: What % of premiums collected for this insurance is paid out in claims during the month?
A3: Do you offer mobile insurance? | B3: Country | C3: Name of your organisation | D3: Name of your mobile insurance product | E3: Currency values reported in (please select from list) | F3: Date of launch (dd/mm/yyyy) | G3: What type of insurance are you providing? (please select from list) | H3: If other selected, please specify: | I3: Which company is your primary partner in offering mobile insurance? | J3: Why did you choose to partner with this company | K3: Commission | L3: Loyalty | M3: ARPU | N3: New customers | O3: Savings | P3: Brand | Q3: FS portfolio | R3: Other | S3: Specify | T3: Mass-market | U3: Women | V3: Families | W3: Farmers | X3: Others | Y3: Specify | Z3: What commercial model does this product have? | AA3: Other | AB3: How can customers pay their premium | AC3: Can your subscribers receive their claims via mobile money? | AD3: 42248 | AE3: 42339 | AF3: 42430 | AG3: 42522 | AH3: 42248 | AI3: 42339 | AJ3: 42430 | AK3: 42522 | AL3: 42248 | AM3: 42339 | AN3: 42430 | AO3: 42522 | AP3: 42248 | AQ3: 42339 | AR3: 42430 | AS3: 42522 | AT3: 42248 | AU3: 42339 | AV3: 42430 | AW3: 42522 | AX3: Claim time | AY3: App | AZ3: More services
A4: ='Mobile Insurance'!O16 -> 0 | B4: ='Mobile Insurance'!O20 -> 0 | C4: ='Mobile Insurance'!O21 -> 0 | D4: ='Mobile Insurance'!O22 -> 0 | E4: ='Mobile Insurance'!O23 -> 0 | F4: ='Mobile Insurance'!O27 -> 0 | G4: ='Mobile Insurance'!O28 -> 0 | H4: ='Mobile Insurance'!O34 -> Other (please specify) | I4: ='Mobile Insurance'!O36 -> 0 | J4: ='Mobile Insurance'!O37 -> 0 | K4: FALSE | L4: FALSE | M4: FALSE | N4: FALSE | O4: FALSE | P4: FALSE | Q4: FALSE | R4: FALSE | S4: ='Mobile Insurance'!#REF! -> #REF! | T4: FALSE | U4: FALSE | V4: FALSE | W4: FALSE | X4: FALSE | Y4: ='Mobile Insurance'!#REF! -> #REF! | Z4: ='Mobile Insurance'!O44 -> 0 | AA4: ='Mobile Insurance'!O48 -> 0 | AB4: ='Mobile Insurance'!#REF! -> #REF! | AC4: ='Mobile Insurance'!#REF! -> #REF! | AD4: ='Mobile Insurance'!D52 -> 0 | AE4: ='Mobile Insurance'!G52 -> 0 | AF4: ='Mobile Insurance'!J52 -> 0 | AG4: ='Mobile Insurance'!M52 -> 0 | AH4: ='Mobile Insurance'!D53 -> 0 | AI4: ='Mobile Insurance'!G53 -> 0 | AJ4: ='Mobile Insurance'!J53 -> 0 | AK4: ='Mobile Insurance'!M53 -> 0 | AL4: ='Mobile Insurance'!D55 -> 0 | AM4: ='Mobile Insurance'!G55 -> 0 | AN4: ='Mobile Insurance'!J55 -> 0 | AO4: ='Mobile Insurance'!M55 -> 0 | AP4: ='Mobile Insurance'!#REF! -> #REF! | AQ4: ='Mobile Insurance'!#REF! -> #REF! | AR4: ='Mobile Insurance'!#REF! -> #REF! | AS4: ='Mobile Insurance'!#REF! -> #REF! | AT4: ='Mobile Insurance'!D60 -> 0 | AU4: ='Mobile Insurance'!G60 -> 0 | AV4: ='Mobile Insurance'!J60 -> 0 | AW4: ='Mobile Insurance'!M60 -> 0 | AX4: ='Mobile Insurance'!D65 -> 0 | AY4: ='Mobile Insurance'!O66 -> 0 | AZ4: ='Mobile Insurance'!O68 -> 0

Sheet List and tickboxes
A1: AED - United Arab Emirates Dirham | C1: Yes
A2: AFN - Afghanistan Afghani | C2: No
A3: ALL - Albania Lek | D3: Tickbox 1: | E3: Partner organisations
A4: AMD - Armenia Dram
A5: ANG - Netherlands Antilles Guilder | C5: Yes | D5: MNO | E5: TRUE
A6: AOA - Angola Kwanza | C6: No, but I am planning to launch it within the next year | D6: Insurance company
A7: ARS - Argentina Peso | C7: No, and I am not planning to launch it within the next year | D7: Insurance specialist
A8: AUD - Australia Dollar | D8: MFI
A9: AWG - Aruba Guilder | D9: Other
A10: AZN - Azerbaijan New Manat
A11: BAM - Bosnia and Herzegovina Convertible Marka | C11: Life/funeral insurance
A12: BBD - Barbados Dollar | C12: Health/hospital insurance
A13: BDT - Bangladesh Taka | C13: Accidental death/disability insurance
A14: BGN - Bulgaria Lev | C14: Agriculture/crop/weather index insurance
A15: BHD - Bahrain Dinar | C15: Combination products (eg. Life and hospital cash)
A16: BIF - Burundi Franc | C16: Other
A17: BMD - Bermuda Dollar
A18: BND - Brunei Darussalam Dollar | C18: under VAS or is it within Mobile financial service business unit?
A19: BOB - Bolivia Boliviano | C19: Value added services
A20: BRL - Brazil Real | C20: Mobile financial services business unit
A21: BSD - Bahamas Dollar
A22: BTN - Bhutan Ngultrum | C22: Premiums can be paid using mobile money
A23: BWP - Botswana Pula | C23: Premiums are deducted from prepaid airtime accounts
A24: BYR - Belarus Ruble
A25: BZD - Belize Dollar
A26: CAD - Canada Dollar | C26: Mobile Money
A27: CDF - Congo/Kinshasa Franc | C27: Airtime deduction
A28: CHF - Switzerland Franc | C28: Both Airtime deduction and Mobile Money
A29: CLP - Chile Peso | C29: The product is only provided for free
A30: CNY - China Yuan Renminbi
A31: COP - Colombia Peso | C31: Yes, there is a smartphone app
A32: CRC - Costa Rica Colon | C32: No, but we are planning to launch a smartphone app the next six months
A33: CUC - Cuba Convertible Peso | C33: No, but we are planning to launch a smartphone app the next 12 months
A34: CUP - Cuba Peso | C34: No, we are not planning to launch a smartphone app
A35: CVE - Cape Verde Escudo
A36: CZK - Czech Republic Koruna | C36: Free insurance tied to customers usage of the mobile money account
A37: DJF - Djibouti Franc | C37: Free insurance tied to the customers mobile usage/top up
A38: DKK - Denmark Krone | C38: Mobile Money "freemium" product
A39: DOP - Dominican Republic Peso | C39: Mobile "freemium" product
A40: DZD - Algeria Dinar | C40: Premium product
A41: EGP - Egypt Pound | C41: Other
A42: ERN - Eritrea Nakfa
A43: ETB - Ethiopia Birr
A44: EUR - Euro Member Countries | C44: Yes
A45: FJD - Fiji Dollar | C45: No
A46: FKP - Falkland Islands (Malvinas) Pound | C46: Undecided
A47: GBP - United Kingdom Pound
A48: GEL - Georgia Lari
A49: GGP - Guernsey Pound
A50: GHS - Ghana Cedi
A51: GIP - Gibraltar Pound
A52: GMD - Gambia Dalasi
A53: GNF - Guinea Franc
A54: GTQ - Guatemala Quetzal
A55: GYD - Guyana Dollar
A56: HKD - Hong Kong Dollar
A57: HNL - Honduras Lempira
A58: HRK - Croatia Kuna
... A164: ZWD - Zimbabwe Dollar

Sheet Definitions
B2: The 2017 Global Mobile Money Adoption Survey
B8: Key definitions
B10: Policies issued | C10: The cumulative number of policies that have been issued since the launch of the service.
B11: Policies in force | C11: The number of policies that are in force rather than lapsed, effectively protecting the subscribers.
B12: Beneficiaries | C12: The total number of people benefiting from the insurance, including both subscribers of the policy and indirect beneficiaries such as relatives being covered under the policy.
